 Dungeon Crawl Stone Soup version 0.21.0-24-g2553a33 (webtiles) character file.

7602 Grimoiregrey the Transmogrifier (level 10, -7/71 HPs)
             Began as a Black Draconian Transmuter on Jan 21, 2018.
             Was an Elder of Okawaru.
             Killed from afar by Harold (27 damage)
             ... with a wand of acid (6)
             ... on level 1 of the Lair of Beasts.
             The game lasted 01:46:13 (12529 turns).

Grimoiregrey the Transmogrifier (DrTm)             Turns: 12529, Time: 01:46:14

Health: -7/71      AC: 10    Str: 13    XL:     10   Next: 97%
Magic:  9/14       EV: 10    Int: 16    God:    Okawaru [****..]
Gold:   159        SH:  0    Dex: 12    Spells: 1/14 levels left

rFire    . . .     SeeInvis .     - Unarmed
rCold    . . .     Gourm    .   (shield currently unavailable)
rNeg     . . .     Faith    .   (armour unavailable)
rPois    .         Spirit   .   (helmet restricted)
rElec    +         Reflect  .   (no cloak)
rCorr    .         Harm     .   (gloves currently unavailable)
MR       .....                  a - +0 pair of boots
Stlth    +.........             (no amulet)
HPRegen  0.21/turn              d - +3 ring of evasion
MPRegen  0.14/turn              J - +2 ring of protection

@: blade hands, held, drained
A: breathe lightning, unfitting armour, electricity resistance, cold-blooded, AC
+7
a: Breathe Lightning, End Transformation, Heroism, Renounce Religion


You were on level 1 of the Lair of Beasts.
You worshipped Okawaru.
Okawaru was greatly pleased with you.
You were not hungry.
You had blades for hands.
You visited 3 branches of the dungeon, and saw 13 of its levels.

You collected 401 gold pieces.
You spent 242 gold pieces at shops.

Inventory:

Hand Weapons
 I - a +2 shortbow of flaming
Missiles
 f - 108 arrows
Armour
 a - a +0 pair of boots (worn)
 x - a +0 pair of gloves
 G - a +0 pair of gloves
 H - a +0 pair of gloves (melded)
Jewellery
 d - a +3 ring of evasion (left scythe-like blade)
 g - an uncursed ring of ice
 J - a +2 ring of protection (right scythe-like blade)
Wands
 n - a wand of paralysis (5)
 y - a wand of enslavement (16)
 B - a wand of disintegration (4)
Scrolls
 e - 2 scrolls of fog
 h - a scroll of random uselessness
 i - 6 scrolls of remove curse
 l - 5 scrolls of identify
 p - a scroll of amnesia {unknown}
 q - a scroll of brand weapon {unknown}
 r - a scroll of blinking
 v - a scroll of enchant armour {unknown}
 z - a scroll of enchant weapon {unknown}
 D - a scroll of magic mapping {unknown}
 E - a scroll of immolation {unknown}
Potions
 j - a potion of cancellation {unknown}
 k - a potion of mutation {unknown}
 o - 3 potions of degeneration
 s - a potion of invisibility {unknown}
 t - a potion of haste {unknown}
 u - 2 potions of lignification {unknown}
 A - 4 potions of berserk rage {unknown}
 C - 2 potions of flight {unknown}
Books
 b - a book of Changes

   Spells                             Type                      Level
   a - Beastly Appendage              Transmutation                1
   b - Sticks to Snakes               Transmutation                2
   c - Spider Form                    Transmutation/Poison         3
   d - Ice Form                       Ice/Transmutation            4
   e - Blade Hands                    Transmutation                5
 m - a book of Necromancy

   Spells                             Type                      Level
   a - Pain                           Necromancy                   1
   b - Animate Skeleton               Necromancy                   1
   c - Vampiric Draining              Necromancy                   3
   d - Regeneration                   Charms/Necromancy            3
   e - Animate Dead                   Necromancy                   4
   f - Borgnjor's Vile Clutch         Necromancy/Earth             5
 F - a book of Unlife

   Spells                             Type                      Level
   a - Recall                         Summoning/Translocation      3
   b - Animate Dead                   Necromancy                   4
   c - Borgnjor's Vile Clutch         Necromancy/Earth             5
   d - Death Channel                  Necromancy                   6
   e - Simulacrum                     Ice/Necromancy               6
Comestibles
 c - 5 rations


   Skills:
 - Level 1.2(1.0) Fighting
 + Level 7.9(7.8) Dodging
 - Level 0.1(0.0) Stealth
 - Level 10.2(10.0) Unarmed Combat
 - Level 2.7(2.6) Spellcasting
 - Level 11.0(10.8) Transmutations


You had one spell level left.
You knew the following spells:

 Your Spells              Type           Power        Failure   Level  Hunger
a - Beastly Appendage     Tmut           #####.       9%          1    #......
b - Spider Form           Tmut/Pois      ###.......   36%         3    ###....
c - Blade Hands           Tmut           #####.....   36%         5    ######.
d - Ice Form              Ice/Tmut       ###.....     63%         4    #####..


Dungeon Overview and Level Annotations

Branches:
Dungeon (10/15)            Temple (1/1) D:7            Lair (2/6) D:9
  Swamp: Lair:2-4    Shoals: Lair:2-4     Snake: Lair:2-4    Spider: Lair:2-4
    Orc: D:9-12

Altars:
Fedhas
Hepliaklqana
Kikubaaqudgha
Nemelex Xobeh
Okawaru
Ru
Sif Muna
Trog
Xom

Shops:
D:5 *   D:9 [(*

Annotations:
D:2 Sigmund
D:3 Natasha
Lair:1 Harold


Innate Abilities, Weirdness & Mutations

You can breathe wild blasts of lightning.
Your glossy black scales are hard. (AC +7)
You cannot fit into any form of body armour.
You are resistant to electric shocks. (rElec)
You are cold-blooded and may be slowed by cold attacks.


Message History

Harold the Weathered comes into view.
He is wielding a scimitar.
Harold shouts!
Harold throws a throwing net.
The throwing net hits you.
You become entangled in the net!
You see here a throwing net.
Press: ? - help, v - describe, . - travel
Here: Harold, wielding a scimitar and wearing a ring mail The floor.
Cast which spell? (? or * to list)
Your hands turn into razor-sharp scythe blades.
Your +0 pair of gloves melds into your body.
Harold zaps a wand.
The bolt of acid hits you!
You are splashed with acid!
The acid burns!
It is a wand of acid (7).
You struggle against the net.
Harold zaps a wand.
The bolt of acid hits you!
You are splashed with acid!
The acid burns!
* * * LOW HITPOINT WARNING * * *
You struggle against the net.
Harold says, "Let's make it quick, okay?
I've got mouths to feed."
Harold zaps a wand.
The bolt of acid hits you!
You die...

...##.......##
..#
##..##...####
..
###.#.....P#
## #.....P##
#.......##
##.......##
##.###...##
#####....##
#..@...#
#.......#
##.......#
##......#
##....@.#
##..... #....
#...


You could see Harold.

Vanquished Creatures
  The ghost of komo4ek the Basher, a journeyman HOSk of Beogh (D:9)
  Nergalle (Lair:1)
  Pikel (D:8)
  A rime drake (Lair:1)
  The ghost of Suckerboh the Covert, a novice KoAs (D:5)
  3 hippogriffs
  Prince Ribbit (D:8)
  5 yaks (D:9)
  2 porcupines (Lair:1)
  2 water moccasins
  An orc warrior (D:9)
  A sky beast (D:6)
  An ice beast (D:8)
  2 phantoms (D:8)
  2 ogres
  A necrophage (D:8)
  4 centaurs
  3 crocodiles
  A big kobold (D:8)
  2 bullfrogs (Lair:1)
  11 killer bees
  2 scorpions
  2 vampire bats (D:2)
  4 wights (D:6)
  2 howler monkeys (D:8)
  4 crimson imps
  A centaur zombie (D:7)
  A bullfrog skeleton (D:6)
  5 orc priests
  3 hounds
  A jelly (D:6)
  7 orc wizards
  3 iguanas
  Ijyb (D:3)
  6 worker ants
  A hound skeleton (D:5)
  A worker ant zombie (D:9)
  3 adders
  A shadow imp (D:5)
  An ooze (D:2)
  An adder zombie (D:6)
  A worm (D:2)
  3 dart slugs (D:1)
  8 leopard geckos
  21 orcs
  2 bat skeletons (D:2)
  3 bat zombies (D:2)
  3 giant cockroaches
  8 goblins
  3 hobgoblins
  8 jackals
  4 quokkas
  2 ball pythons
  2 bats (D:2)
  A frilled lizard (D:2)
  11 kobolds
  8 rats
185 creatures vanquished.

Vanquished Creatures (others)
  A sky beast (D:7)
  4 slaves (D:8)
5 creatures vanquished.

Grand Total: 190 creatures vanquished

Notes
Turn   | Place    | Note
-------+----------+-------------------------------------------
     0 | D:1      | Grimoiregrey the Draconian Transmuter began the quest for the Orb.
     0 | D:1      | Reached XP level 1. HP: 16/16 MP: 3/3
   254 | D:1      | Reached XP level 2. HP: 23/23 MP: 3/5
   666 | D:1      | Reached XP level 3. HP: 24/28 MP: 6/6
   983 | D:2      | Found an ancient bone altar of Kikubaaqudgha.
  1018 | D:2      | Reached XP level 4. HP: 20/35 MP: 5/7
  1047 | D:2      | Reached XP level 5. HP: 20/40 MP: 7/9
  1319 | D:2      | Found a sparkling altar of Nemelex Xobeh.
  1426 | D:2      | Reached skill level 3 in Transmutations
  1463 | D:2      | Noticed Sigmund
  1524 | D:2      | You fall through a shaft!
  1524 | D:3      | Noticed Ijyb
  1526 | D:3      | Paralysed by Ijyb for 3 turns
  1538 | D:3      | Paralysed by Ijyb for 5 turns
  1565 | D:3      | Killed Ijyb
  1776 | D:3      | Noticed Natasha
  1805 | D:4      | Noticed a phantom
  1863 | D:5      | Entered Level 5 of the Dungeon
  2189 | D:5      | Reached skill level 4 in Transmutations
  2204 | D:5      | Learned a level 3 spell: Spider Form
  2216 | D:5      | Reached XP level 6. HP: 41/47 MP: 8/10
  2279 | D:5      | Noticed Suckerboh's ghost (novice KoAs)
  2331 | D:5      | Killed Suckerboh's ghost
  2331 | D:5      | Reached skill level 6 in Transmutations
  2331 | D:5      | Your scales start taking on a glossy black colour.
  2331 | D:5      | Reached XP level 7. HP: 45/52 MP: 9/11
  2331 | D:5      | Gained mutation: You are resistant to electric shocks. (rElec) [Black Draconian growth]
  2740 | D:5      | Found Cunaedi's Assorted Antiques.
  2824 | D:5      | Reached skill level 5 in Unarmed Combat
  4658 | D:6      | Found a hazy altar of Hepliaklqana.
  4931 | D:6      | Reached XP level 8. HP: 46/59 MP: 9/12
  5774 | D:7      | Found a shimmering altar of Xom.
  6025 | D:7      | Found a staircase to the Ecumenical Temple.
  6044 | Temple   | Entered the Ecumenical Temple
  6059 | Temple   | Became a worshipper of Warmaster Okawaru
  6105 | D:7      | Found a sacrificial altar of Ru.
  6191 | D:8      | HP: 2/59 [poisoned by a worker ant]
  7282 | D:8      | Reached skill level 10 in Unarmed Combat
  7296 | D:8      | Reached XP level 9. HP: 45/64 MP: 9/13
  7921 | D:8      | Reached skill level 7 in Transmutations
  7964 | D:8      | Reached * piety under Okawaru
  8137 | D:8      | Noticed Pikel
  8148 | D:8      | Killed Pikel
  8148 | D:8      | Reached skill level 8 in Transmutations
  8393 | D:8      | Reached skill level 9 in Transmutations
  8733 | D:8      | Learned a level 5 spell: Blade Hands
  8832 | D:8      | Noticed Prince Ribbit
  8853 | D:8      | Killed Prince Ribbit
  9141 | D:9      | Found a staircase to the Lair.
  9200 | D:9      | Found Goskaeg's Weapon Emporium.
  9207 | D:9      | Found Wiorr's Assorted Antiques.
  9270 | D:9      | Reached skill level 10 in Transmutations
  9271 | D:9      | Reached ** piety under Okawaru
  9603 | D:9      | Found Susho's Antique Armour Boutique.
  9606 | D:9      | Bought a pair of gloves for 121 gold pieces
  9617 | D:9      | Bought a pair of gloves for 121 gold pieces
  9670 | D:9      | Reached XP level 10. HP: 54/71 MP: 8/14
  9682 | D:9      | Reached skill level 11 in Transmutations
  9935 | D:9      | Noticed komo4ek's ghost (journeyman HOSk)
  9950 | D:9      | Killed komo4ek's ghost
  9950 | D:9      | Reached *** piety under Okawaru
 10080 | D:9      | Reached skill level 5 in Dodging
 10240 | D:9      | Found a deep blue altar of Sif Muna.
 10313 | D:10     | Entered Level 10 of the Dungeon
 10372 | D:9      | Found an iron altar of Okawaru.
 10861 | Lair:1   | Entered Level 1 of the Lair of Beasts
 10895 | Lair:1   | Reached **** piety under Okawaru
 11385 | Lair:1   | Noticed Nergalle
 11402 | Lair:1   | Killed Nergalle
 11839 | Lair:1   | Noticed a five-headed hydra
 12086 | Lair:1   | Learned a level 4 spell: Ice Form
 12524 | Lair:1   | Noticed Harold
 12529 | Lair:1   | Killed from afar by Harold

Skill      XL: |  1  2  3  4  5  6  7  8  9 10 |
---------------+-------------------------------+-----
Dodging        | 2 7 |  7.9
Unarmed Combat | 4 7 10 | 10.2
Transmutations | 4 6 10 11 | 11.0
Fighting       | |  1.2
Stealth        | |  0.1
Spellcasting   | |  2.7

Action                   |  1- 3 |  4- 6 |  7- 9 | 10-12 || total
-------------------------+-------+-------+-------+-------++-------
Melee: Unarmed           |   126 |   147 |   379 |    97 ||   749
       Tailslap          |    17 |    15 |    16 |    10 ||    58
       Kick              |     8 |     9 |     9 |       ||    26
       Headbutt          |     3 |     7 |     6 |       ||    16
       Punch             |       |     1 |     3 |     3 ||     7
 Fire: Shortbow          |       |       |       |     3 ||     3
 Cast: Beastly Appendage |    15 |    13 |    13 |       ||    41
       Spider Form       |       |       |    33 |       ||    33
       Blade Hands       |       |       |     5 |    15 ||    20
 Abil: Breathe Lightning |       |       |     3 |       ||     3
  Use: Scroll            |       |     4 |     5 |     3 ||    12
       Potion            |       |     1 |     5 |     2 ||     8
  Eat: Ration            |       |     2 |     7 |     4 ||    13
       Chunk             |       |       |     6 |     1 ||     7
Armor: Skin              |    68 |    42 |    51 |    31 ||   192
Dodge: Dodged            |   175 |    92 |   294 |    74 ||   635
